 Dungeon Crawl Stone Soup version 0.31.0-9-g3a7656b989 (webtiles) character file.

Game seed: 9938463600271220060

102 Glamhuggeren the Changeling (level 4, -8/37 HPs)
             Began as a Draconian Shapeshifter on Feb 2, 2024.
             Killed by nerve-wracking pain
             ... invoked by Grinder
              (13 damage)
             ... while paralysed by Grinder
             ... on level 3 of the Dungeon.
             The game lasted 00:04:05 (1819 turns).

Glamhuggeren the Changeling (DrSh)                  Turns: 1819, Time: 00:04:06

Health: -8/37      AC:  5    Str: 16    XL:     4   Next: 49%
Magic:  4/4        EV:  2    Int: 10    God:
Gold:   96         SH:  0    Dex: 13    Spells: 3/3 levels left

rFire   . .          .
                       - Unarmed
rCold   . . .        (no shield)
rNeg    . . .        (body armour unavailable)
rPois   .            (helmet currently unavailable)
rElec   .            (cloak currently unavailable)
rCorr   .            (gloves currently unavailable)
SInv    .            (boots currently unavailable)
Will    .....        (no amulet)
Stlth   +            (no ring)
HPRegen 0.26/turn    (no ring)
MPRegen 0.09/turn

%: no passive effects
@: paralysed, beast-form, hasted
A: beast (slay +2), AC +5, unfitting armour, cold-blooded
a: Begin Untransformation


You were on level 3 of the Dungeon.
You were a hulking beast.
You visited 1 branch of the dungeon, and saw 3 of its levels.

You collected 96 gold pieces.

Inventory:

Hand Weapons
 n - a +0 sling
Missiles
 e - 36 stones (quivered)
Talismans
 b - a beast talisman
 c - a flux talisman
Scrolls
 d - 2 scrolls of identify {unknown}
 f - 2 scrolls of poison {unknown}
 i - a scroll of butterflies {unknown}
 j - 3 scrolls of revelation {unknown}
 k - 2 scrolls of fog {unknown}
 l - a scroll of brand weapon {unknown}
 m - a scroll of teleportation {unknown}
Potions
 a - a potion of lignification
 g - a potion of haste
 h - a potion of curing {unknown}


   Skills:
 + Level 2.8 Fighting
 - Level 2.0 Dodging
 - Level 3.0 Unarmed Combat
 * Level 4.4 Shapeshifting


You had 3 spell levels left.
You didn't know any spells.
Your spell library was empty.

Dungeon Overview and Level Annotations

Branches:
Dungeon (3/15)

Altars:
Sif Muna

Annotations:
D:3 Grinder


Innate Abilities, Weirdness & Mutations

You are a hulking beast.
Your limbs bulge with bestial killing power. (Slay +2)
Your plain brown scales are hard. (AC +5)
You cannot fit into any form of body armour.
You are cold-blooded and may be slowed by cold attacks.


Message History

You punch Grinder!
Grinder is lightly wounded.
Grinder barely misses you.
You hit Grinder. Your punch misses Grinder.
Grinder is moderately wounded.
Grinder hits you!
You hit Grinder.
Grinder is moderately wounded.
Grinder hits you.
It was a potion of haste.
You feel yourself speed up. Grinder gestures at you.
You suddenly lose the ability to move!
Grinder gestures at you. Pain shoots through your body!
Grinder blinks!
Grinder gestures at you.
You shrug off the repeated paralysis!
You can move again.
You are too injured to fight recklessly!
Grinder says, "Just stop there for a second..."
You hit Grinder.
Grinder is moderately wounded.
Grinder gestures at you. You resist with significant effort.
You hit Grinder but do no damage.
Grinder is moderately wounded.
Grinder hits you.
You writhe in agony.
* * * LOW HITPOINT WARNING * * *
You barely miss Grinder.
Grinder is moderately wounded.
You barely miss Grinder.
Grinder is moderately wounded.
Grinder gestures at you.
You suddenly lose the ability to move!
Grinder hits you.
* * * LOW HITPOINT WARNING * * *
Grinder gestures at you. Pain shoots through your body!
You die...
Grinder says, "Hey, I wasn't done torturing you yet!"

..##.#.#.#.
#.##.#.#.#. #
#.##....... #.
#....#..... #.
#..........
#..#####..........
#.......#####....
...########.##.#
##.#.
#....5h....##.#
#.#.
#############.#
#..< #.. .... ###
#.


You could see Grinder.

Vanquished Creatures
  Terence (D:2)
  3 adders
  A dart slug (D:1)
  4 ball pythons
  2 endoplasms (D:1)
  6 giant cockroaches
  5 goblins
  3 hobgoblins
  4 jackals (D:1)
  2 kobolds
  2 quokkas (D:1)
  4 bats (D:1)
  A frilled lizard (D:2)
  3 rats (D:1)
41 creatures vanquished.

Notes
Turn   | Place    | Note
-------+----------+-------------------------------------------
     0 | D:1      | Glamhuggeren the Draconian Shapeshifter began the quest for
                  | the Orb.
     0 | D:1      | Reached XP level 1. HP: 16/16 MP: 1/1
    90 | D:1      | Reached XP level 2. HP: 22/23 MP: 2/2
   406 | D:1      | Reached XP level 3. HP: 29/29 MP: 3/3
   975 | D:2      | Noticed Terence
   984 | D:2      | Killed Terence
   985 | D:2      | Reached skill level 4 in Shapeshifting
  1091 | D:2      | Found a faded altar of an unknown god.
  1135 | D:2      | Found a shimmering blue altar of Sif Muna.
  1219 | D:2      | Reached XP level 4. HP: 33/37 MP: 4/4
  1799 | D:3      | Noticed Grinder
  1806 | D:3      | Paralysed by Grinder for 5 turns
  1817 | D:3      | Paralysed by Grinder for 5 turns
  1819 | D:3      | Killed from afar by Grinder

Illustrated notes

Levels and vault maps discovered:
D:1:      evilmike_arrival_hilbert_curve, layout_basic, chequers_big_river,
          grunt_decor_mini_mirrors, hex_medium, serial_bayou_pond_d
D:2:      layout_loops_cross, basic_ecumenical_altar, basic_altar, uniq_terence
D:3:      layout_loops_ring, mainiacjoe_overflow_alcove_2, elyvilon_altar_3,
          minitemple, lemuel_round_altar, minmay_fountain_box,
          dk_noncrumbling_4, goddamned_bats, uniq_grinder

Skill      XL: |  1  2  3 |
---------------+----------+-----
Dodging        | 2 |  2.0
Fighting       | 2 |  2.8
Shapeshifting  | 4 |  4.4
Unarmed Combat | |  3.0

Action                     |  1- 3 |  4- 6 || total
---------------------------+-------+-------++-------
  Melee: Unarmed           |    99 |    34 ||   133
         Tailslap          |    13 |     2 ||    15
         Punch             |     2 |     1 ||     3
    Use: Potion            |       |     1 ||     1
   Stab: Sleeping          |     1 |     1 ||     2
         Distracted        |       |     1 ||     1
 Armour: Skin              |    57 |    19 ||    76
  Dodge: Dodged            |    79 |    13 ||    92
